 Dungeon Sprint DCSS version 0.28-a0-10-g964c8b829e (webtiles) character file.

Game seed: 6578690519540864160

73089 mhtbhm the Hoplite (level 15, -3/156 HPs)
             Began as a Minotaur Fighter on July 26, 2021.
             Was a High Priest of Qazlal.
             Killed from afar by Dispater (30 damage)
             ... with damnation
             ... in the Dungeon (Sprint VII: "The Pits").
             The game lasted 00:12:34 (4496 turns).

mhtbhm the Hoplite (Minotaur Fighter)               Turns: 4496, Time: 00:12:36

Health: -3/156     AC: 38    Str: 25    XL:     15   Next: 3%
Magic:  12/27      EV:  8    Int:  5    God:    Qazlal [*****.]
Gold:   60         SH: 24    Dex: 10    Spells: 14/14 levels left

rFire   + + +      SeeInvis +   a - +14 obsidian axe {vorpal, Drain Fly SInv}
rCold   + + .      Faith    .   c - +0 kite shield {AC+3}
rNeg    . . .      Spirit   .   b - +2 gold dragon scales
rPois   +          Reflect  .   s - +0 hat
rElec   +          Harm     .   d - +0 cloak
rCorr   +          Rampage  +   C - +1 pair of gloves
Will    +....      NoTele   +   n - +0 pair of boots {rampage}
Stlth   ..........              (no amulet)
HPRegen 0.36/turn               A - ring of protection from fire
MPRegen 0.20/turn               o - +3 ring of protection

@: resistant, protected from physical damage, on berserk cooldown, flying,
mesmerised, slowed, studying Air Magic, repel missiles, very slow
A: horns 2, retaliatory headbutt, weak 1
a: Renounce Religion, Upheaval, Elemental Force, Disaster Area


You were in the Dungeon.
You worshipped Qazlal.
Qazlal was extremely pleased with you.
You visited 1 branch You collected 60 gold pieces.

Inventory:

Hand Weapons
 a - the +14 obsidian axe (weapon) {vorpal, Drain Fly SInv}
   (You found it in the Dungeon)

   It inflicts extra damage upon your enemies.
   It occasionally summons demons to assist the wielder when it strikes in
   combat.
   Its wielder is mesmerised by any visible foes.
   It cannot be unequipped while any foes are visible.
   SInv:      It lets you see invisible.
   Fly:       It grants you flight.
   Drain:     It drains your maximum health when unequipped.
 B - the +8 whip "Snakebite" {venom, curare, rPois}
   (You found it in the Dungeon)

   It poisons the flesh of those it strikes.
   It occasionally inflicts asphyxiating poison on those it strikes, dealing
   poison damage and causing slowness.
   rPois:     It protects you from poison.
 D - the +7 war axe of Ragnarok {flame, rElec rN++ Str-2}
   (You found it in the Dungeon)

   It burns those it strikes, dealing additional fire damage.
   Big, fiery blades are also staple armaments of hydra-hunters.
   Str:       It affects your strength (-2).
   rElec:     It insulates you from electricity.
   rN:        It greatly protects you from negative energy.
 E - a +5 broad axe
Armour
 b - +2 gold dragon scales (worn)
 c - a +0 kite shield of protection (worn)
 d - a +0 cloak (worn)
 n - a +0 pair of boots of rampaging (worn)
 s - a +0 hat (worn)
 C - a +1 pair of gloves (worn)
Jewellery
 o - a +3 ring of protection (right hand)
 x - a ring of fire
 z - a ring of ice
 A - a ring of protection from fire (left hand)
Wands
 y - a wand of mindburst (12)
Scrolls
 j - 3 scrolls of blinking
 l - 5 scrolls of amnesia
 m - a scroll of summoning
 t - 3 scrolls of identify
 u - 2 scrolls of enchant weapon
 v - 2 scrolls of enchant armour
Potions
 e - 7 potions of curing
 f - 2 potions of heal wounds
 g - a potion of haste
 h - 4 potions of magic
 i - a potion of berserk rage
 k - a potion of invisibility
 p - a potion of resistance
 q - 3 potions of brilliance
 r - 2 potions of mutation


   Skills:
 + Level 20.5 Fighting
 + Level 22.0 Axes
 + Level 16.4 Armour
 + Level 10.5 Dodging
 + Level 10.0 Stealth
 + Level 23.3 Shields
 * Level 18.9 Invocations


You had 14 spell levels left.
You didn't know any spells.
Your spell library contained the following spells:

 Spells                   Type           Power      Damage    Failure   Level
 Beastly Appendage        Tmut           0%         N/A       100%        1
 Summon Small Mammal      Summ           0%         N/A       100%        1
 Ignite Poison            Fire/Tmut/Pois 0%         N/A       100%        3
 Summon Guardian Golem    Hex/Summ       0%         N/A       100%        3
 Summon Ice Beast         Ice/Summ       0%         N/A       100%        4
 Summon Mana Viper        Hex/Summ       0%         N/A       100%        5
 Invisibility             Hex            0%         N/A       100%        6
 Monstrous Menagerie      Summ           0%         N/A       100%        7


Dungeon Overview and Level Annotations

Branches:
Dungeon (1/1)

Altars:
Ashenzari
Cheibriados
Dithmenos
Elyvilon
Fedhas
Gozag
Hepliaklqana
Kikubaaqudgha
Makhleb
Nemelex Xobeh
Okawaru
Qazlal
Ru
Sif Muna
Trog
Uskayaw
Vehumet
Wu Jian
Xom
Yredelemnul
Zin
The Shining One
Beogh
Jiyva
Lugonu

Annotations:
D Dispater


Innate Abilities, Weirdness & Mutations

You have a pair of horns on your head.
You reflexively headbutt those who attack you in melee.
You are weak. (Str -2)


Message History

The Hell Sentinel is moderately wounded.
Dispater gestures at you.
The sphere of damnation explodes!
The damnation engulfs the Hell Sentinel.
The Hell Sentinel completely resists.
The damnation engulfs Dispater.
Dispater completely resists.
The damnation engulfs you!
* * * LOW HITPOINT WARNING * * *
You block the Hell Sentinel's attack. x2
Unknown command.
Okay, then.
As you read the scroll of fog, it crumbles to dust.
The scroll dissolves into smoke.
The Hell Sentinel gestures at you.
The sphere of damnation explodes!
The damnation engulfs you!
* * * LOW HITPOINT WARNING * * *
The damnation engulfs the Hell Sentinel.
The Hell Sentinel completely resists.
The damnation engulfs your ynoxinul!!!
Your ynoxinul dies!
Dispater shouts, "Despair, thou droning ill-breeding cattle!"
Unknown command.
You feel much better. You block the Hell Sentinel's attack.
The Hell Sentinel hits you but does no damage.
Dispater shouts, "Thy gizzard shall be my snacklet!"
You block the Hell Sentinel's attack.
The Hell Sentinel hits you but does no damage.
Unknown command.
You hit the Hell Sentinel.
The Hell Sentinel is moderately wounded.
The Hell Sentinel hits you!!
* * * LOW HITPOINT WARNING * * *
You block the Hell Sentinel's attack.
Unknown command.
You slice the Hell Sentinel!!
The Hell Sentinel is heavily wounded.
Dispater gestures at you.
The sphere of damnation explodes!
The damnation engulfs the Hell Sentinel.
The Hell Sentinel completely resists.
The damnation engulfs Dispater.
Dispater completely resists.
The damnation engulfs you!!
You die...

#+#
#&#
#1#
##@##
#§§§#
+§§§#
##.##
#.#
#.#
#.#
#.#
#.#


You could see Dispater and a Hell Sentinel (summoned, mesmerising).

Vanquished Creatures
  An orb of fire (D)
  A pandemonium lord (D)
  A curse toe (D)
  A profane servitor (D)
  A Brimstone Fiend (D)
  2 deep elf blademasters (D)
  A titan (D)
  Polyphemus (D)
  Agnes (D)
  Gastronok (D)
  A draconian knight (D)
  2 ghost moths (D)
  2 orc warlords (D)
  An angel (D)
  2 stone giants (D)
  An ophan (D)
  3 white draconians (D)
  Azrael (D)
  An eidolon (D)
  A blizzard demon (D)
  3 hydras (D)
  2 great orbs of eyes (D)
  Erolcha (D)
  2 vault guards (D)
  2 naga warriors (D)
  A spriggan air mage (D)
  A centaur warrior (D)
  A merfolk avatar (D)
  2 two-headed ogres (D)
  A vampire mage (D)
  An orc high priest (D)
  A deep elf knight (D)
  A sixfirhy (D)
  A skeletal warrior (D)
  A fire crab (D)
  A spriggan druid (D)
  8 orc knights (D)
  A deep elf zephyrmancer (D)
  5 elephants (D)
  An ugly thing (D)
  2 manticores (D)
  A cyclops (D)
  A guardian serpent (D)
  A merfolk siren (D)
  A smoke demon (D)
  A black mamba (D)
  A hellion (D)
  A rime drake (D)
  A freezing wraith (D)
  An unseen horror (D)
  An ice devil (D)
  A komodo dragon (D)
  2 guardian mummies (D)
  A jumping spider (D)
  A red devil (D)
  A wandering mushroom (D)
  2 tyrant leeches (D)
  A hornet (D)
  2 blink frogs (D)
  A snapping turtle (D)
  A flying skull (D)
  A large abomination (D)
  A spriggan (D)
  An air elemental (D)
  A basilisk (D)
  A redback (D)
  A wraith (D)
  A wyvern (D)
  3 fire elementals (D)
  A warg (D)
  2 nagas (D)
  A hell hound (D)
  A water moccasin (D)
  A floating eye (D)
  5 orc warriors (D)
  2 necrophages (D)
  A wolf (D)
  An ogre (D)
  A centaur (D)
  A phantom (D)
  A kobold brigand (D)
  A gnoll sergeant (D)
  4 killer bees (D)
  A gnoll shaman (D)
  2 orc priests (D)
  An iron imp (D)
  A hell rat (D)
  8 gnolls (D)
  2 river rats (D)
  2 ufetubi (D)
  An adder skeleton (D)
  2 worms (D)
  2 adder simulacra (D)
  6 orcs (D)
  2 endoplasms (D)
  A giant cockroach (D)
  A goblin (D)
  A kobold (D)
  2 quokkas (D)
  A bat (D)
  A frilled lizard (D)
158 creatures vanquished.

Vanquished Creatures (collateral kills)
  An emperor scorpion (D)
  A yaktaur captain (D)
  A deep elf knight (D)
  An orc knight (D)
  A molten gargoyle (D)
  A guardian mummy (D)
  A troll (D)
  A hornet (D)
  A blink frog (D)
  A neqoxec (D)
  A black bear (D)
  An orc warrior (D)
  An orc (D)
13 creatures vanquished.

Vanquished Creatures (others)
  A stone giant (D)
  A naga warrior (D)
  A yaktaur captain (D)
  An orc knight (D)
4 creatures vanquished.

Grand Total: 175 creatures vanquished

Notes
Turn   | Place    | Note
-------+----------+-------------------------------------------
     0 | D        | mhtbhm the Minotaur Fighter began the quest for the Orb.
     0 | D        | Reached XP level 1. HP: 19/19 MP: 0/0
    22 | D        | Found a bloodstained altar of Trog.
    22 | D        | Found a shimmering blue altar of Sif Muna.
    22 | D        | Found a viscous altar of Jiyva.
    22 | D        | Found a hazy altar of Hepliaklqana.
    22 | D        | Found an opulent altar of Gozag.
    23 | D        | Found a glowing golden altar of the Shining One.
    23 | D        | Found a glowing silver altar of Zin.
    23 | D        | Found a basalt altar of Yredelemnul.
    23 | D        | Found a shimmering altar of Xom.
    23 | D        | Found an ornate altar of the Wu Jian Council.
    23 | D        | Found a sacrificial altar of Ru.
    23 | D        | Found a stormy altar of Qazlal.
    23 | D        | Found an iron altar of Okawaru.
    23 | D        | Found a sparkling altar of Nemelex Xobeh.
    23 | D        | Found a burning altar of Makhleb.
    23 | D        | Found a blossoming altar of Fedhas.
    23 | D        | Found a white marble altar of Elyvilon.
    23 | D        | Found a shadowy altar of Dithmenos.
    23 | D        | Found a snail-covered altar of Cheibriados.
    25 | D        | Found a radiant altar of Vehumet.
    25 | D        | Found a corrupted altar of Lugonu.
    27 | D        | Found an ancient bone altar of Kikubaaqudgha.
    27 | D        | Found a hide-covered altar of Uskayaw.
    27 | D        | Found a broken altar of Ashenzari.
    30 | D        | Became a worshipper of Qazlal Stormbringer
    79 | D        | Reached skill level 4 in Shields
    98 | D        | Reached * piety under Qazlal
   101 | D        | Reached XP level 2. HP: 28/28 MP: 1/1
   105 | D        | Noticed a floating eye
   116 | D        | Reached skill level 5 in Shields
   119 | D        | Reached ** piety under Qazlal
   119 | D        | Paralysed by a floating eye for 3 turns
   120 | D        | Reached skill level 5 in Fighting
   123 | D        | Killed a floating eye
   124 | D        | Reached skill level 1 in Dodging
   124 | D        | Reached skill level 7 in Shields
   124 | D        | Reached XP level 3. HP: 9/39 MP: 2/2
   124 | D        | Reached XP level 4. HP: 10/47 MP: 3/3
   128 | D        | Reached XP level 5. HP: 16/52 MP: 4/4
   130 | D        | Reached *** piety under Qazlal
   374 | D        | Noticed a necrophage
   382 | D        | Killed a necrophage
   383 | D        | Reached skill level 5 in Axes
   383 | D        | Reached skill level 9 in Shields
   384 | D        | Noticed a wolf
   388 | D        | Killed a wolf
   388 | D        | Reached **** piety under Qazlal
   389 | D        | Reached XP level 6. HP: 56/62 MP: 4/6
   399 | D        | Reached skill level 10 in Shields
   491 | D        | Reached ***** piety under Qazlal
   517 | D        | Noticed a warg
   517 | D        | Noticed a six-headed hydra
   526 | D        | Killed an eight-headed hydra
   527 | D        | Reached skill level 10 in Fighting
   527 | D        | Reached skill level 10 in Armour
   527 | D        | Reached skill level 5 in Dodging
   527 | D        | Reached skill level 12 in Shields
   527 | D        | Reached skill level 5 in Invocations
   527 | D        | Reached XP level 7. HP: 73/73 MP: 7/10
   527 | D        | Reached XP level 8. HP: 80/80 MP: 7/11
   540 | D        | Found the +14 obsidian axe {vorpal, Drain Fly SInv}
   652 | D        | Noticed a molten gargoyle
   652 | D        | Noticed an emperor scorpion
   657 | D        | Killed a molten gargoyle
   668 | D        | Killed an emperor scorpion
   669 | D        | Reached skill level 13 in Shields
   669 | D        | Reached XP level 9. HP: 55/89 MP: 1/13
   810 | D        | Noticed a guardian serpent
   811 | D        | Noticed a manticore
   815 | D        | Killed a manticore
   816 | D        | Reached skill level 14 in Shields
   819 | D        | Reached skill level 10 in Axes
   821 | D        | Killed a guardian serpent
   905 | D        | Reached ****** piety under Qazlal
  1044 | D        | Reached skill level 15 in Shields
  1047 | D        | Reached XP level 10. HP: 96/97 MP: 15/15
  1088 | D        | Noticed Erolcha
  1091 | D        | Killed Erolcha
  1104 | D        | Noticed a merfolk siren
  1113 | D        | Reached skill level 10 in Invocations
  1113 | D        | Killed a merfolk siren
  1303 | D        | Noticed a great orb of eyes
  1303 | D        | Noticed a smoke demon
  1303 | D        | Gained mutation: You are weak. (Str -2) [a neqoxec]
  1305 | D        | Noticed a merfolk avatar
  1305 | D        | Killed a smoke demon
  1310 | D        | Reached skill level 16 in Shields
  1313 | D        | Killed a merfolk avatar
  1320 | D        | Killed a great orb of eyes
  1571 | D        | Noticed a two-headed ogre
  1571 | D        | Noticed a spriggan druid
  1571 | D        | Noticed a black mamba
  1575 | D        | Noticed an orc knight
  1577 | D        | Killed a spriggan druid
  1578 | D        | Reached XP level 11. HP: 107/107 MP: 18/18
  1587 | D        | Killed a two-headed ogre
  1589 | D        | Reached skill level 15 in Axes
  1592 | D        | Killed an orc knight
  1928 | D        | Reached skill level 17 in Shields
  1940 | D        | Noticed an orc high priest
  1950 | D        | Killed an orc high priest
  1951 | D        | Paralysed by an air elemental for 1 turns
  1996 | D        | Noticed a brown ugly thing
  2002 | D        | Killed a brown ugly thing
  2033 | D        | Noticed Azrael
  2043 | D        | Killed Azrael
  2051 | D        | Reached XP level 12. HP: 64/118 MP: 20/20
  2530 | D        | Noticed a vampire mage
  2530 | D        | Noticed an ophan
  2530 | D        | Noticed a white draconian
  2530 | D        | Noticed Agnes
  2530 | D        | Noticed a ghost moth
  2531 | D        | Found the +8 whip "Snakebite" {venom, curare, rPois}
  2532 | D        | Reached skill level 18 in Shields
  2534 | D        | Killed a vampire mage
  2537 | D        | Killed Agnes
  2538 | D        | Reached skill level 15 in Fighting
  2541 | D        | Killed a white draconian
  2541 | D        | Killed an ophan
  2543 | D        | Killed a ghost moth
  2544 | D        | Reached skill level 1 in Stealth
  2721 | D        | Noticed a centaur warrior
  2721 | D        | Noticed Gastronok
  2721 | D        | Noticed a naga warrior
  2722 | D        | Killed a centaur warrior
  2722 | D        | Noticed a profane servitor
  2722 | D        | Noticed an angel
  2723 | D        | Reached skill level 19 in Shields
  2723 | D        | Killed a five-headed hydra
  2727 | D        | Killed a naga warrior
  2728 | D        | Killed Gastronok
  2728 | D        | Noticed Polyphemus
  2729 | D        | Reached XP level 13. HP: 121/128 MP: 8/22
  2735 | D        | Noticed a white draconian
  2736 | D        | Killed a white draconian
  2737 | D        | Killed a profane servitor
  2738 | D        | Reached skill level 15 in Invocations
  2757 | D        | Killed an angel
  2758 | D        | Reached skill level 20 in Shields
  2763 | D        | Killed Polyphemus
  2801 | D        | Reached skill level 10 in Dodging
  2837 | D        | Got the Almanac of Bewitching Transmutation
  2850 | D        | Got the Catalogue of Summoning
  3009 | D        | Noticed a ghost moth
  3010 | D        | Noticed an orc warlord
  3010 | D        | Noticed an orc warlord
  3012 | D        | Killed a ghost moth
  3017 | D        | Noticed an eidolon
  3023 | D        | Killed an orc warlord
  3024 | D        | Killed an orc warlord
  3025 | D        | Reached skill level 21 in Shields
  3028 | D        | Noticed a stone giant
  3033 | D        | Killed an eidolon
  3034 | D        | Noticed a stone giant
  3035 | D        | Reached skill level 5 in Stealth
  3037 | D        | Killed a stone giant
  3037 | D        | Killed a stone giant
  3041 | D        | Reached XP level 14. HP: 89/143 MP: 25/25
  3041 | D        | Noticed a deep elf blademaster
  3049 | D        | Killed a deep elf blademaster
  3225 | D        | Got the +7 war axe of Ragnarok {flame, rElec rN++ Str-2}
  3353 | D        | Noticed a titan
  3358 | D        | Killed a titan
  3443 | D        | Noticed Donigu the pandemonium lord
  3467 | D        | Killed Donigu the pandemonium lord
  3468 | D        | Reached skill level 22 in Shields
  3620 | D        | Noticed a white draconian knight
  3629 | D        | Killed a white draconian knight
  3664 | D        | Noticed a Brimstone Fiend
  3672 | D        | HP: 3/146 [Brimstone Fiend/damnation (31)]
  3679 | D        | Killed a Brimstone Fiend
  3680 | D        | Reached skill level 15 in Armour
  4125 | D        | Noticed a stone giant
  4125 | D        | Noticed an orb of fire
  4125 | D        | Noticed a deep elf blademaster
  4125 | D        | Noticed a curse toe
  4126 | D        | Killed a stone giant
  4126 | D        | Killed a deep elf blademaster
  4127 | D        | Killed a curse toe
  4127 | D        | Killed an orb of fire
  4128 | D        | Reached skill level 10 in Stealth
  4128 | D        | Reached skill level 23 in Shields
  4128 | D        | Reached XP level 15. HP: 79/156 MP: 12/27
  4443 | D        | Found the +4 staff of Dispater
  4443 | D        | Noticed Dispater
  4467 | D        | Noticed a Hell Sentinel
  4488 | D        | Noticed a Hell Sentinel
  4496 | D        | Killed from afar by Dispater

Illustrated notes

Levels and vault maps discovered:
D:        pitsprint [storerooms_1, entrance_room_1, metal_vault_4, armoury_1,
          mini_pit_1, grid_room_1, main_hall_1, silver_pit, the_coven_3,
          the_vestibule_1, steel_vault_1, golden_pit, hallway_of_sentries,
          crystal_vault_4, iron_vault_1, final_vault]

Skill      XL: |  1  2  3  4  5  6  7  8  9 10 11 12 13 14 15 |
---------------+----------------------------------------------+-----
Armour         | 4 6 7 8 10 11 12 13 14 16 | 16.4
Fighting       | 4 7 8 10 11 13 14 16 18 20 | 20.5
Shields        | 4 7 9 12 13 15 16 17 19 21 23 | 23.3
Axes           | 4 5 7 9 10 14 17 19 21 22 | 22.0
Dodging        | 1 2 3 5 7 8 9 10 | 10.5
Invocations    | 2 5 7 9 11 12 14 16 18 | 18.9
Stealth        | 1 6 10 | 10.0

Action                   |  1- 3 |  4- 6 |  7- 9 | 10-12 | 13-15 || total
-------------------------+-------+-------+-------+-------+-------++-------
Melee: Hand axe          |    23 |    43 |     5 |       |       ||    71
       Headbutt          |     3 |    12 |     6 |    18 |    44 ||    83
       War axe           |     1 |       |       |       |       ||     1
       Broad axe         |       |       |    24 |   126 |   226 ||   376
Invok: Elemental Force   |       |       |     2 |       |       ||     2
       Disaster Area     |       |       |       |     3 |     5 ||     8
  Use: Potion            |       |     3 |     2 |     1 |    20 ||    26
       Scroll            |       |       |       |       |     1 ||     1
 Stab: Invisible         |       |       |       |       |    19 ||    19
Armor: Scale mail        |     4 |     1 |       |       |       ||     5
       Ring mail         |       |    18 |     1 |       |       ||    19
       Chain mail        |       |       |    17 |    30 |    26 ||    73
       Gold dragon scale |       |       |       |       |    20 ||    20
Dodge: Dodged            |     4 |    13 |     9 |    24 |    43 ||    93
       Repelled          |       |       |       |       |     2 ||     2
Block: Kite shield       |    14 |    37 |    42 |   115 |   178 ||   386

Table legend: (Time is in decaauts)
 A = Elapsed time spent in this place.
 B = Non-inter-level travel time spent in this place.
 C = Inter-level travel time spent in this place.
 D = Time resting spent in this place.
 E = Time spent auto-exploring this place.
 F = Levels seen in this place.
 G = Mean time per level.
                   A        B        C        D        E       F      G
               +--------+--------+--------+--------+--------+-----+--------+
         Total |   4438 |   4438 |      0 |   2668 |    107 |   1 | 4438.0 |
       Dungeon |   4438 |   4438 |      0 |   2668 |    107 |   1 | 4438.0 |
               +--------+--------+--------+--------+--------+-----+--------+

Top non-repeatable levels by time:
       D: 4438 daAuts
